 Dungeon Crawl Stone Soup version 0.31-a0-1098-g6898e6545c (webtiles) character file.

Game seed: 12686163212680441703

3373 gruber the Skirmisher (level 9, 0/74 HPs)
             Began as a Minotaur Hunter on Nov 30, 2023.
             Was an Initiate of Hepliaklqana.
             Slain by Maurice
             ... wielding a +0 flail
              (3 damage)
             ... on level 7 of the Dungeon.
             The game lasted 00:07:04 (5457 turns).

gruber the Skirmisher (Minotaur Hunter)             Turns: 5457, Time: 00:07:05

Health: 0/74       AC:  9    Str: 17    XL:     9   Next: 74%
Magic:  1/8        EV: 19    Int:  6    God:    Hepliaklqana [......]
Gold:   0          SH:  0    Dex: 23    Spells: 8/8 levels left

rFire   . . .        q - +0 orcbow
rCold   . . .        (shield currently unavailable)
rNeg    + . .        m - +2 robe {rN+}
rPois   .            (helmet restricted)
rElec   .            (no cloak)
rCorr   .            (no gloves)
SInv    .            r - +0 pair of boots
Will    .....        t - amulet of regeneration
Stlth   ++           j - +6 ring of dexterity
HPRegen 1.12/turn    k - +4 ring of protection
MPRegen 0.11/turn

%: no passive effects
@: no status effects
A: horns 2, retaliatory headbutt
a: Renounce Religion


You were on level 7 of the Dungeon.
You worshipped Hepliaklqana.
Hepliaklqana was noncommittal.
You visited 2 branches of the dungeon, and saw 8 of its levels.
You also visited: Ossuary.

Inventory:

Hand Weapons
 q - a +0 orcbow (weapon)
Armour
 m - a +2 robe of positive energy (worn)
 r - a +0 pair of boots (worn)
Jewellery
 j - a +6 ring of dexterity (left hand)
 k - a +4 ring of protection (right hand)
 t - an amulet of regeneration (around neck)
Wands
 x - a wand of charming (17)
Scrolls
 b - a scroll of butterflies
 c - 5 scrolls of identify {unknown}
 d - a scroll of noise {unknown}
 h - a scroll of amnesia {unknown}
 i - 2 scrolls of vulnerability {unknown}
 l - 4 scrolls of blinking {unknown}
 n - a scroll of poison {unknown}
 p - a scroll of enchant armour {unknown}
 s - 3 scrolls of teleportation {unknown}
 A - 2 scrolls of fog {unknown}
 C - 2 scrolls of immolation {unknown}
 D - a scroll of silence {unknown}
 E - a scroll of revelation {unknown}
Potions
 a - a potion of degeneration {unknown}
 f - 2 potions of lignification {unknown}
 g - 3 potions of attraction {unknown}
 o - a potion of might {unknown}
 u - a potion of cancellation {unknown}
 v - 4 potions of curing {unknown}
 w - 2 potions of magic {unknown}
 z - 2 potions of resistance {unknown}
 B - a potion of brilliance {unknown}
 F - a potion of haste {unknown}
 G - a potion of invisibility {unknown}


   Skills:
 * Level 5.0 Fighting
 - Level 12.2 Ranged Weapons
 - Level 1.5 Armour
 - Level 9.1 Dodging
 - Level 1.4 Stealth


You had 8 spell levels left.
You didn't know any spells.
Your spell library contained the following spells:

 Spells                   Type           Power      Damage    Failure   Level
 Magic Dart               Conj           0%         1d3       45%         1
 Call Imp                 Summ           0%         N/A       58%         2
 Mephitic Cloud           Conj/Pois/Air  0%         N/A       83%         3


Dungeon Overview and Level Annotations

Branches:
Dungeon (7/15)             Temple (1/1) D:7         Ossuary (visited)

Altars:
Ashenzari
Cheibriados
Dithmenos
Gozag
Hepliaklqana
Kikubaaqudgha
Makhleb
Nemelex Xobeh
Qazlal
Sif Muna
Uskayaw
Vehumet
Yredelemnul

Shops:
D:3 *

Annotations:
D:7 Maurice


Innate Abilities, Weirdness & Mutations

You have a pair of horns on your head.
You reflexively headbutt those who attack you in melee.


Message History

You shoot an arrow. Something barely misses you.
Something bites you but does no damage.
Fire: q) +0 orcbow
Press: ? - help, Q - select action, (/) - cycle Shift-Dir - straight line You shoot an arrow.
You hear a zap.
Your mind is blasted!
Fire: q) +0 orcbow
Press: ? - help, Q - select action, (/) - cycle Shift-Dir - straight line You shoot an arrow.
Something hits you!
* * * LOW HITPOINT WARNING * * *
Something grunts, "Curses!"
Something bites you.
* * * LOW HITPOINT WARNING * * *
Something drains your magic.
Unknown command.
Fire: q) +0 orcbow
Press: ? - help, Q - select action, (/) - cycle Shift-Dir - straight line You shoot an arrow.
You hear a zap.
Your mind is blasted!
* * * LOW HITPOINT WARNING * * *
Fire: q) +0 orcbow
Press: ? - help, Q - select action, (/) - cycle Shift-Dir - straight line You shoot an arrow.
You hear a zap.
Something tries to affect you, but you resist.
Fire: q) +0 orcbow
Press: ? - help, Q - select action, (/) - cycle Shift-Dir - straight line You shoot an arrow.
Something hits you!
* * * LOW HITPOINT WARNING * * *
Something grunts, "Curses!"
Something completely misses you.
Fire: q) +0 orcbow
Press: ? - help, Q - select action, (/) - cycle Shift-Dir - straight line You shoot an arrow.
Something hits you but does no damage. Something bites you.
You die...

#.....#
######.....######
#...............#
###......≈.≈.)....#
#.'...............§
#.#......≈.≈......#
#.#.......[.......#
#{######.....######
#.@.## #.....###..#
###..###.....##....
##..##.....##....
##..#.....#.....
##.###)###.#...
#.###[..#.....
#.............
##......##....
#...[..###...


There were no monsters in sight!

Vanquished Creatures
  Sigmund (D:3)
  An orc warrior (D:7)
  3 ice beasts
  3 black bears
  5 ogres
  2 centaurs
  A phantom (D:4)
  A bullfrog (D:7)
  4 scorpions
  7 water moccasin zombies (Ossuary)
  5 wights (D:6)
  A howler monkey (D:6)
  3 orc priests (D:6)
  A gnoll bouda (D:2)
  6 hounds
  3 jellies
  3 iguanas
  Jessica (D:2)
  4 orc wizards
  2 scorpion zombies (D:5)
  2 mummies (Ossuary)
  6 gnolls
  7 adders
  A shadow imp (D:5)
  4 adder zombies (Ossuary)
  2 worms
  3 dart slugs
  27 orcs
  4 endoplasms
  3 giant cockroaches (D:4)
  4 goblins
  7 hobgoblins
  7 jackals (D:3)
  6 quokkas
  6 ball pythons
  A bat (D:2)
  4 frilled lizards
  8 gnoll zombies (Ossuary)
  3 hobgoblin zombies (Ossuary)
  7 kobolds
  6 kobold zombies (Ossuary)
  6 orc zombies (Ossuary)
  6 rats
187 creatures vanquished.

Notes
Turn   | Place    | Note
-------+----------+-------------------------------------------
     0 | D:1      | gruber the Minotaur Hunter began the quest for the Orb.
     0 | D:1      | Reached XP level 1. HP: 18/18 MP: 0/0
   167 | D:1      | Reached XP level 2. HP: 23/26 MP: 1/1
   862 | D:2      | Reached XP level 3. HP: 31/31 MP: 2/2
   990 | D:2      | Reached skill level 5 in Ranged Weapons
  1093 | D:2      | Reached skill level 1 in Armour
  1108 | D:2      | Reached XP level 4. HP: 29/38 MP: 3/3
  1406 | D:2      | Noticed Jessica
  1413 | D:2      | Killed Jessica
  1414 | D:2      | Reached skill level 6 in Ranged Weapons
  1414 | D:2      | Reached skill level 1 in Stealth
  1414 | D:2      | Reached XP level 5. HP: 45/45 MP: 4/4
  1735 | D:3      | Noticed Sigmund
  1775 | D:3      | Killed Sigmund
  1776 | D:3      | Reached skill level 7 in Ranged Weapons
  1776 | D:3      | Reached XP level 6. HP: 38/52 MP: 5/5
  2031 | D:3      | Found Dishruk's Assorted Antiques.
  2546 | D:4      | Found a snail-covered altar of Cheibriados.
  2567 | D:4      | Reached skill level 8 in Ranged Weapons
  2567 | D:4      | Reached XP level 7. HP: 59/59 MP: 6/6
  2806 | D:4      | Found a hide-covered altar of Uskayaw.
  3189 | D:5      | Entered Level 5 of the Dungeon
  3210 | D:5      | Found a broken altar of Ashenzari.
  3214 | D:5      | Reached skill level 9 in Ranged Weapons
  3353 | D:5      | Reached XP level 8. HP: 67/67 MP: 7/7
  3416 | D:5      | Found a sand-covered staircase.
  3422 | Ossuary  | Entered an ossuary
  3497 | Ossuary  | Reached skill level 10 in Ranged Weapons
  3570 | Ossuary  | Reached skill level 11 in Ranged Weapons
  3918 | D:5      | Found a basalt altar of Yredelemnul.
  4171 | D:5      | Reached skill level 12 in Ranged Weapons
  4325 | D:6      | Reached XP level 9. HP: 59/71 MP: 8/8
  4332 | D:6      | Reached skill level 5 in Dodging
  4487 | D:6      | Found a shimmering blue altar of Sif Muna.
  4550 | D:6      | Found a radiant altar of Vehumet.
  4870 | D:7      | Noticed Maurice
  4882 | D:7      | Something stole a ring of protection from cold
  4884 | D:7      | Something stole 321 gold
  5017 | D:7      | Found a staircase to the Ecumenical Temple.
  5060 | Temple   | Entered the Ecumenical Temple
  5204 | D:7      | Reached skill level 5 in Fighting
  5208 | D:7      | Found a hazy altar of Hepliaklqana.
  5223 | D:7      | Became a worshipper of Hepliaklqana the Forgotten
  5422 | D:7      | Something stole 30 gold
  5456 | D:7      | HP: 2/74 [something (9)]
  5457 | D:7      | Slain by Maurice

Illustrated notes

Levels and vault maps discovered:
D:1:      elethiomel_arrival_quiet, layout_basic
D:2:      layout_loops_corners, uniq_jessica
D:3:      layout_basic, serial_shops, shop, minivault_4, uniq_sigmund
D:4:      layout_basic, nicolae_overflow_hidden_temple,
          mainiacjoe_overflow_catwalk
D:5:      layout_loops_ring, mainiacjoe_overflow_concentric_impassable,
          lemuel_zombie_altar_yredelemnul, nicolae_ossuary_entry_plus
D:6:      layout_basic, mainiacjoe_overflow_chevrons, lemuel_round_altar,
          hangedman_decor_growths, kennysheep_small_circle
D:7:      layout_rooms, doesnt_xom_only_xom, minmay_overflow_temple_star_hex,
          pf_just_have_faith, minmay_temple_entry_tees, kennysheep_minor_cross,
          uniq_maurice
Temple:   hellmonk_temple_micro_hex

Skill      XL: |  1  2  3  4  5  6  7  8  9 |
---------------+----------------------------+-----
Fighting       | 3 4 5 |  5.0
Ranged Weapons | 5 6 7 8 9 12 | 12.2
Armour         | 1 |  1.5
Stealth        | 1 |  1.4
Dodging        | 3 4 9 |  9.1

Action                     |  1- 3 |  4- 6 |  7- 9 || total
---------------------------+-------+-------+-------++-------
  Melee: Orcbow            |       |     5 |     4 ||     9
         Headbutt          |       |       |     1 ||     1
   Fire: Shortbow          |    74 |    17 |       ||    91
         Orcbow            |       |    87 |   452 ||   539
    Use: Potion            |       |       |     4 ||     4
 Armour: Leather armour    |     9 |       |       ||     9
         Robe              |     6 |    31 |   124 ||   161
  Dodge: Dodged            |    15 |    30 |   134 ||   179

Table legend: (Time is in decaauts)
 A = Elapsed time spent in this place.
 B = Non-inter-level travel time spent in this place.
 C = Inter-level travel time spent in this place.
 D = Time resting spent in this place.
 E = Time spent auto-exploring this place.
 F = Levels seen in this place.
 G = Mean time per level.
                   A        B        C        D        E       F      G
               +--------+--------+--------+--------+--------+-----+--------+
         Total |   5466 |   5156 |    310 |    125 |   3957 |   9 |  607.3 |
       Dungeon |   5272 |   4964 |    308 |    125 |   3878 |   7 |  753.1 |
        Temple |      1 |      0 |      1 |      0 |      0 |   1 |    1.0 |
       Ossuary |    192 |    192 |      0 |      0 |     79 |   1 |  192.0 |
               +--------+--------+--------+--------+--------+-----+--------+

Top non-repeatable levels by time:
     D:2: 955 daAuts
     D:3: 820 daAuts
     D:5: 774 daAuts
     D:1: 770 daAuts
     D:6: 762 daAuts
     D:4: 675 daAuts
     D:7: 513 daAuts
 Ossuary: 192 daAuts
  Temple: 1 daAuts
